TOP OF THE 1ST |
Chula Vista Tacos batting - Pitching for Surrey Sinners : LHP José Morales
|
Pitching: LHP José Morales
|
|
Batting: RHB Gonzalo García
|
0-0: SINGLE (Groundball, 56) (infield hit)
|
Batting: RHB Germán Ontiveros
|
0-0: Ball 1-0: Ground out 5-3 (Groundball, 56S) Gonzalo García to second
|
Batting: RHB Valentín Saldaña
|
0-0: Called Strike 0-1: Foul Ball, location: 2F 0-2: Foul Ball, location: 2F 0-2: Ball 1-2: Ball 2-2: SINGLE (Groundball, 34D) Gonzalo García to third Runner from 3rd tries for Home, SAFE, throw made home
|
Batting: RHB Nelson Wright
|
0-0: Ball 1-0: DOUBLE (Flyball, 8LXD) Valentín Saldaña to third Runner from 3rd tries for Home, SAFE, no throw
|
Batting: LHB Dale Miller
|
0-0: Swinging Strike 0-1: Ball 1-1: Ball 2-1: Foul Ball, location: 2F 2-2: Strikes out swinging
|
Batting: RHB Dan Salazar
|
0-0: Fly out, F6 (Popup, 6)
|
Top of the 1st over - 2 runs, 3 hits, 0 errors, 1 left on base; Chula Vista 2 - Surrey 0 |
BOTTOM OF THE 1ST |
Surrey Sinners batting - Pitching for Chula Vista Tacos : LHP José Martínez
|
Pitching: LHP José Martínez
|
|
Batting: RHB Jake Townsend
|
0-0: Ball 1-0: Foul Ball, location: 2F 1-1: Foul Ball, location: 2F 1-2: Ground out 4-3 (Groundball, 4M)
|
Batting: RHB Don Jackson
|
0-0: SINGLE (Groundball, 5L) (infield hit)
|
Batting: RHB Jeff Buck
|
0-0: Ball 1-0: Ball 2-0: Foul Ball, location: 2F 2-1: Swinging Strike 2-2: Foul Ball, location: 2F 2-2: DOUBLE (Line Drive, 7LS) Don Jackson to third Don Jackson scores
|
Batting: LHB Robert Mann
|
0-0: Ball 1-0: Ground out 4-3 (Groundball, 4) Jeff Buck to third
|
Batting: RHB Jorge Barrios
|
0-0: Swinging Strike 0-1: Ball 1-1: Foul Ball, location: 2F 1-2: Fly out, F9 (Flyball, 9LS)
|
Bottom of the 1st over - 1 run, 2 hits, 0 errors, 1 left on base; Chula Vista 2 - Surrey 1 |
TOP OF THE 2ND |
Chula Vista Tacos batting - Pitching for Surrey Sinners : LHP José Morales
|
Batting: RHB Rafael Cardenas
|
0-0: Ball 1-0: Ball 2-0: Ground out 5-3 (Groundball, 56)
|
Batting: LHB Jean Beauchemin
|
0-0: Ball 1-0: Called Strike 1-1: Fly out, F5 (Popup, 5SF)
|
Batting: RHB Guillermo Deleón
|
0-0: Called Strike 0-1: Swinging Strike 0-2: Ball 1-2: Foul Ball, location: 2F 1-2: Foul Ball, location: 2F 1-2: Foul Ball, location: 2F 1-2: Strikes out swinging
|
Top of the 2nd over - 0 runs, 0 hits, 0 errors, 0 left on base; Chula Vista 2 - Surrey 1 |
BOTTOM OF THE 2ND |
Surrey Sinners batting - Pitching for Chula Vista Tacos : LHP José Martínez
|
Batting: RHB Robert Sipple
|
0-0: Ball 1-0: Ball 2-0: Ball 3-0: Base on Balls
|
Batting: SHB Ed Nelson
|
0-0: Ball 1-0: Called Strike 1-1: Swinging Strike 1-2: Grounds into double play, 4-6-3 (Groundball, 4M)
|
Batting: RHB Francisco Martínez
|
0-0: Foul Ball, location: 2F 0-1: Ball 1-1: Fly out, F3 (Popup, 3SF)
|
Bottom of the 2nd over - 0 runs, 0 hits, 0 errors, 0 left on base; Chula Vista 2 - Surrey 1 |
TOP OF THE 3RD |
Chula Vista Tacos batting - Pitching for Surrey Sinners : LHP José Morales
|
Batting: RHB Gonzalo García
|
0-0: Ball 1-0: Called Strike 1-1: Fly out, F8 (Flyball, 8RXD)
|
Batting: RHB Germán Ontiveros
|
0-0: Ground out 6-3 (Groundball, 6)
|
Batting: RHB Valentín Saldaña
|
0-0: Ball 1-0: Foul Ball, location: 2F 1-1: Called Strike 1-2: Ball 2-2: Foul Ball, location: 2F 2-2: Ball 3-2: Base on Balls
|
Batting: RHB Nelson Wright
|
0-0: Foul Ball, location: 2F 0-1: Ball 1-1: Called Strike 1-2: Ball 2-2: Fly out, F9 (Flyball, 9D)
|
Top of the 3rd over - 0 runs, 0 hits, 0 errors, 1 left on base; Chula Vista 2 - Surrey 1 |
BOTTOM OF THE 3RD |
Surrey Sinners batting - Pitching for Chula Vista Tacos : LHP José Martínez
|
Batting: LHB Patrick Ferguson
|
0-0: Called Strike 0-1: Swinging Strike 0-2: Strikes out looking
|
Batting: RHB Jake Townsend
|
0-0: Ground out 4-3 (Groundball, 34)
|
Batting: RHB Don Jackson
|
0-0: Ball 1-0: Ball 2-0: Ball 3-0: Base on Balls
|
Batting: RHB Jeff Buck
|
0-0: Ball 1-0: Swinging Strike 1-1: Foul Ball, location: 2F 1-2: Ball 2-2: SINGLE (Groundball, 56D) Don Jackson to second
|
Batting: LHB Robert Mann
|
0-0: Ball 1-0: Ball 2-0: Swinging Strike 2-1: SINGLE (Groundball, 4MD) Don Jackson to third Jeff Buck to second Runner from 3rd tries for Home, SAFE, no throw
|
Batting: RHB Jorge Barrios
|
0-0: Ball 1-0: Foul Ball, location: 2F 1-1: Swinging Strike 1-2: Strikes out swinging
|
Bottom of the 3rd over - 1 run, 2 hits, 0 errors, 2 left on base; Chula Vista 2 - Surrey 2 |
TOP OF THE 4TH |
Chula Vista Tacos batting - Pitching for Surrey Sinners : LHP José Morales
|
Batting: LHB Dale Miller
|
0-0: Swinging Strike 0-1: Called Strike 0-2: Strikes out swinging
|
Batting: RHB Dan Salazar
|
0-0: Ball 1-0: Ball 2-0: Ball 3-0: Base on Balls
|
Batting: RHB Rafael Cardenas
|
0-0: Called Strike 0-1: Foul Ball, location: 2F 0-2: Strikes out swinging
|
Batting: LHB Jean Beauchemin
|
0-0: Fly out, F8 (Flyball, 8LD)
|
Top of the 4th over - 0 runs, 0 hits, 0 errors, 1 left on base; Chula Vista 2 - Surrey 2 |
BOTTOM OF THE 4TH |
Surrey Sinners batting - Pitching for Chula Vista Tacos : LHP José Martínez
|
Batting: RHB Robert Sipple
|
0-0: Called Strike 0-1: SINGLE (Line Drive, 9S)
|
Batting: SHB Ed Nelson
|
0-0: Ball 1-0: Ball 2-0: Swinging Strike 2-1: Fly out, F7 (Flyball, 78M)
|
Batting: RHB Francisco Martínez
|
0-0: Ball 1-0: DOUBLE (Line Drive, 9LM) Robert Sipple to third Runner from 3rd tries for Home, SAFE, no throw
|
Batting: LHB Patrick Ferguson
|
0-0: Fly out, F8 (Flyball, 78D)
|
Batting: RHB Jake Townsend
|
0-0: Ball 1-0: Ball 2-0: Ball 3-0: Called Strike 3-1: Base on Balls
|
Batting: RHB Don Jackson
|
0-0: Foul Ball, location: 2F 0-1: Called Strike 0-2: Ball 1-2: Foul Ball, location: 2F 1-2: Strikes out swinging
|
Bottom of the 4th over - 1 run, 2 hits, 0 errors, 2 left on base; Chula Vista 2 - Surrey 3 |
TOP OF THE 5TH |
Chula Vista Tacos batting - Pitching for Surrey Sinners : LHP José Morales
|
Batting: RHB Guillermo Deleón
|
0-0: Fly out, F7 (Flyball, 7)
|
Batting: RHB Gonzalo García
|
0-0: Called Strike 0-1: Called Strike 0-2: Ball 1-2: Ball 2-2: Ball 3-2: Base on Balls
|
Batting: RHB Germán Ontiveros
|
0-0: Called Strike 0-1: Foul Ball, location: 2F 0-2: SINGLE (Line Drive, 7S) Gonzalo García to second
|
Batting: RHB Valentín Saldaña
|
0-0: Ball 1-0: Called Strike 1-1: Fly out, F8 (Flyball, 8RM)
|
Batting: RHB Nelson Wright
|
0-0: Ball 1-0: Ball 2-0: Ball 3-0: Called Strike 3-1: SINGLE (Groundball, 6MD) Gonzalo García to third Germán Ontiveros to second Runner from 3rd tries for Home, SAFE, no throw
|
Batting: LHB Dale Miller
|
0-0: Ball 1-0: Called Strike 1-1: Ball 2-1: Foul Ball, location: 2F 2-2: Ground out 4-3 (Groundball, 4)
|
Top of the 5th over - 1 run, 2 hits, 0 errors, 2 left on base; Chula Vista 3 - Surrey 3 |
BOTTOM OF THE 5TH |
Surrey Sinners batting - Pitching for Chula Vista Tacos : LHP José Martínez
|
Batting: RHB Jeff Buck
|
0-0: Ball 1-0: Ball 2-0: Ball 3-0: Base on Balls
|
Batting: LHB Robert Mann
|
0-0: Ball 1-0: Grounds into double play, 6-4-3 (Groundball, 6)
|
Batting: RHB Jorge Barrios
|
0-0: Ground out U3 (Groundball, 34)
|
Bottom of the 5th over - 0 runs, 0 hits, 0 errors, 0 left on base; Chula Vista 3 - Surrey 3 |
TOP OF THE 6TH |
Chula Vista Tacos batting - Pitching for Surrey Sinners : LHP José Morales
|
Batting: RHB Dan Salazar
|
0-0: Foul Ball, location: 2F 0-1: Ball 1-1: Foul Ball, location: 2F 1-2: Ball 2-2: Strikes out swinging
|
Batting: RHB Rafael Cardenas
|
0-0: DOUBLE (Line Drive, 7LM)
|
Pitching: RHP Larry Simonds
|
|
Batting: LHB Jean Beauchemin
|
0-0: 2-RUN HOME RUN (Flyball, 8RXD), Distance : 439 ft
|
Batting: RHB Guillermo Deleón
|
0-0: Fly out, F6 (Flyball, 56D)
|
Batting: RHB Gonzalo García
|
0-0: Ball 1-0: Foul Ball, location: 2F 1-1: Foul Ball, location: 2F 1-2: Ball 2-2: Strikes out looking
|
Top of the 6th over - 2 runs, 2 hits, 0 errors, 0 left on base; Chula Vista 5 - Surrey 3 |
BOTTOM OF THE 6TH |
Surrey Sinners batting - Pitching for Chula Vista Tacos : LHP José Martínez
|
Batting: RHB Robert Sipple
|
0-0: Ball 1-0: Foul Ball, location: 2F 1-1: Foul Ball, location: 2F 1-2: Foul Ball, location: 2F 1-2: Strikes out swinging
|
Batting: SHB Ed Nelson
|
0-0: Ball 1-0: Swinging Strike 1-1: Swinging Strike 1-2: Ball 2-2: Ball 3-2: Strikes out swinging
|
Batting: RHB Francisco Martínez
|
0-0: Ball 1-0: Fly out, F6 (Flyball, 56D)
|
Bottom of the 6th over - 0 runs, 0 hits, 0 errors, 0 left on base; Chula Vista 5 - Surrey 3 |
TOP OF THE 7TH |
Chula Vista Tacos batting - Pitching for Surrey Sinners : RHP Larry Simonds
|
Batting: RHB Germán Ontiveros
|
0-0: Swinging Strike 0-1: Ball 1-1: Ball 2-1: Ball 3-1: Base on Balls
|
Batting: RHB Valentín Saldaña
|
0-0: Foul Ball, location: 2F 0-1: Fly out, F9 (Flyball, 9LS)
|
Batting: RHB Nelson Wright
|
0-0: Ball 1-0: Called Strike 1-1: Ball 2-1: Swinging Strike 2-2: Strikes out swinging
|
Batting: LHB Dale Miller
|
0-0: Called Strike 0-1: Ball 1-1: Foul Ball, location: 2F 1-2: Strikes out looking
|
Top of the 7th over - 0 runs, 0 hits, 0 errors, 1 left on base; Chula Vista 5 - Surrey 3 |
BOTTOM OF THE 7TH |
Surrey Sinners batting - Pitching for Chula Vista Tacos : LHP José Martínez
|
Batting: LHB Patrick Ferguson
|
0-0: Ball 1-0: Ball 2-0: Ball 3-0: Swinging Strike 3-1: Called Strike 3-2: Strikes out swinging
|
Batting: RHB Jake Townsend
|
0-0: Ball 1-0: Foul Ball, location: 2F 1-1: Fly out, F9 (Flyball, 89S)
|
Batting: RHB Don Jackson
|
0-0: Ball 1-0: Ball 2-0: Foul Ball, location: 2F 2-1: Swinging Strike 2-2: Strikes out swinging
|
Bottom of the 7th over - 0 runs, 0 hits, 0 errors, 0 left on base; Chula Vista 5 - Surrey 3 |
TOP OF THE 8TH |
Chula Vista Tacos batting - Pitching for Surrey Sinners : RHP Larry Simonds
|
Batting: RHB Dan Salazar
|
0-0: Ground out 3-1 (Groundball, 2R)
|
Batting: RHB Rafael Cardenas
|
0-0: Ball 1-0: Called Strike 1-1: Called Strike 1-2: Strikes out swinging
|
Batting: LHB Jean Beauchemin
|
0-0: Ball 1-0: Foul Ball, location: 2F 1-1: Swinging Strike 1-2: Ball 2-2: Ball 3-2: Ground out 4-3 (Groundball, 4)
|
Top of the 8th over - 0 runs, 0 hits, 0 errors, 0 left on base; Chula Vista 5 - Surrey 3 |
BOTTOM OF THE 8TH |
Surrey Sinners batting - Pitching for Chula Vista Tacos : LHP José Martínez
|
Pitching: LHP Alberto Colón
|
|
Batting: RHB Jeff Buck
|
0-0: Ball 1-0: Called Strike 1-1: Foul Ball, location: 2F 1-2: Ball 2-2: Foul Ball, location: 2F 2-2: Foul Ball, location: 2F 2-2: Ground out 5-3 (Groundball, 56S)
|
Batting: LHB Robert Mann
|
0-0: Ball 1-0: Called Strike 1-1: Foul Ball, location: 2F 1-2: SOLO HOME RUN (Flyball, 9D), Distance : 373 ft
|
Batting: RHB Jorge Barrios
|
0-0: Ball 1-0: Called Strike 1-1: Ball 2-1: Ball 3-1: SINGLE (Groundball, 6MD)
|
Pitching: RHP Joel Ortega
|
|
Pinch Hitting: RHB Pat Simms
|
0-0: Foul Ball, location: 2F 0-1: Foul Ball, location: 2F 0-2: Ball 1-2: SINGLE (Line Drive, 9LS) Jorge Barrios to second
|
Batting: SHB Ed Nelson
|
0-0: Ball 1-0: Swinging Strike 1-1: Ball 2-1: Ground out 6-3 (Groundball, 4M) Jorge Barrios to third Pat Simms to second
|
Pinch Hitting: LHB Joe Spears
|
0-0: Ball 1-0: Called Strike 1-1: Ball 2-1: Fly out, F9 (Flyball, 9LS)
|
Bottom of the 8th over - 1 run, 3 hits, 0 errors, 2 left on base; Chula Vista 5 - Surrey 4 |
TOP OF THE 9TH |
Chula Vista Tacos batting - Pitching for Surrey Sinners : RHP Larry Simonds
|
Now at 3B: Joe Spears
|
|
Now at SS: Dennis House
|
|
Batting: RHB Guillermo Deleón
|
0-0: Called Strike 0-1: Ground out 1-3 (Groundball, 15S)
|
Batting: RHB Gonzalo García
|
0-0: Ball 1-0: Foul Ball, location: 2F 1-1: Ball 2-1: Foul Ball, location: 2F 2-2: Ball 3-2: Base on Balls
|
Batting: RHB Germán Ontiveros
|
0-0: SINGLE (Flyball, 78S) Gonzalo García to second
|
Batting: RHB Valentín Saldaña
|
0-0: Swinging Strike 0-1: Called Strike 0-2: Strikes out looking
|
Pinch Hitting: RHB Juan García
|
0-0: Swinging Strike 0-1: Ball 1-1: Called Strike 1-2: Strikes out looking
|
Top of the 9th over - 0 runs, 1 hit, 0 errors, 2 left on base; Chula Vista 5 - Surrey 4 |
BOTTOM OF THE 9TH |
Surrey Sinners batting - Pitching for Chula Vista Tacos : RHP Joel Ortega
|
Pitching: RHP Pat Hanna
|
|
Now in LF: José Isla
|
|
Batting: LHB Patrick Ferguson
|
0-0: Swinging Strike 0-1: Ground out 1-3 (Groundball, 13)
|
Pinch Hitting: LHB Martín Garza
|
0-0: Ball 1-0: Reached on error, E5 (Groundball, 5)
|
Batting: RHB Don Jackson
|
0-0: Called Strike 0-1: Foul Ball, location: 2F 0-2: Ball 1-2: Fly out, F9 (Flyball, 9LS)
|
Batting: RHB Jeff Buck
|
0-0: Ball 1-0: Called Strike 1-1: Swinging Strike 1-2: Ground out 5-3 (Groundball, 56)
|
Bottom of the 9th over - 0 runs, 0 hits, 1 error, 1 left on base; Chula Vista 5 - Surrey 4 |
|